 Dungeon Crawl Stone Soup version 0.16.2-12-gd0ad4c3 (webtiles) character file.

2092 musteatbrain the Cleaver (level 9, -2/81 HPs)
             Began as a Minotaur Fighter on Sept 27, 2015.
             Was a Follower of the Shining One.
             Killed from afar by an orc wizard (10 damage)
             ... with a puff of frost
             ... on level 7 of the Dungeon.
             The game lasted 00:15:50 (5324 turns).

musteatbrain the Cleaver (Minotaur Fighter)         Turns: 5324, Time: 00:15:50

Health: -2/81      AC:  8    Str: 26    XL:     9   Next: 6%
Magic:  4/4        EV: 12    Int:  5    God:    the Shining One [*.....]
Gold:   307        SH:  0    Dex: 11    Spells: 0 memorised, 8 levels left

rFire  . . .     SeeInvis .     (no weapon)
rCold  . . .     Clarity  .     x - +1 ring mail {rPois}
rNeg   . . .     SustAb   .     (no shield)
rPois  +         Gourm    .     (helmet restricted)
rElec  .         Spirit   .     (no cloak)
rCorr  .         Warding  .     r - +0 pair of gloves {Str+3}
rMut   .         Stasis   .     (no boots)
MR     .....                    (no amulet)
Stlth  ..........               (no ring)
                                (no ring)

@: glowing, not resistant to hostile enchantments, extremely unstealthy
A: retaliatory headbutt, horns 2
a: Renounce Religion


You were on level 7 of the Dungeon.
You worshipped the Shining One.
The Shining One was aware of your devotion.
You were hungry.

You visited 1 branch of the dungeon, and saw 7 of its levels.

You collected 307 gold pieces.

Inventory:

Hand weapons
 a - a +0 war axe
 O - a +1 whip of flaming
Armour
 b - a +0 scale mail
 c - a +0 shield
 r - a +0 pair of gloves of strength (worn)
 x - a +1 ring mail of poison resistance (worn)
Jewellery
 n - an uncursed amulet of regeneration
 I - an uncursed ring of positive energy {unknown}
Magical devices
 y - a wand of polymorph (9)
 G - a wand of polymorph (14)
 H - a wand of digging (14)
 N - a wand of random effects (25)
Scrolls
 e - 4 scrolls of teleportation {unknown}
 g - 2 scrolls of blinking {unknown}
 i - a scroll of fog {unknown}
 j - 11 scrolls of identify {unknown}
 p - a scroll of noise {unknown}
 q - 4 scrolls of random uselessness {unknown}
 u - 3 scrolls of remove curse {unknown}
 A - 2 scrolls of amnesia {unknown}
 B - a scroll of enchant armour {unknown}
 J - a scroll of enchant weapon {unknown}
 K - a scroll of immolation {unknown}
 L - a scroll of vulnerability {unknown}
Potions
 h - a potion of resistance {unknown}
 l - 2 potions of cancellation {unknown}
 m - 3 potions of haste {unknown}
 o - 2 potions of ambrosia {unknown}
 s - a potion of poison {unknown}
 t - 3 potions of magic
 w - a potion of curing {unknown}
 z - a potion of brilliance {unknown}
 C - a potion of lignification {unknown}
 D - a potion of might
 F - 2 potions of berserk rage {unknown}
Comestibles
 d - 5 bread rations
 f - 4 beef jerkies
 k - a royal jelly
 v - 18 fruits
 E - a meat ration


   Skills:
 + Level 7.9 Fighting
 * Level 11.2 Axes
 + Level 5.2 Armour
 + Level 3.1 Dodging
 - Level 3.6 Shields


You had 8 spell levels left.
You didn't know any spells.

Dungeon Overview and Level Annotations

Branches:
Dungeon (7/15)
 Temple: D:4-7

Altars:
Fedhas
Gozag
The Shining One


Innate Abilities, Weirdness & Mutations

You reflexively headbutt those who attack you in melee.
You have a pair of horns on your head.


Message History

The puff of flame hits you!
* * * LOW HITPOINT WARNING * * *
The orc wizard mumbles some strange words.
The orc wizard blinks!
The orc priest hits you but does no damage.
The orc wizard hits you but does no damage.
Drink which item? (? for menu, Esc to quit)
It was a potion of magic.
Magic courses through your body. The orc warrior barely misses you.
The orc wizard gestures at you while chanting.
The magic dart hits you!
* * * LOW HITPOINT WARNING * * *
The orc priest closely misses you.
The orc wizard hits you but does no damage.
You are too injured to fight recklessly!
You barely miss the orc wizard.
The orc wizard is almost dead.
The orc wizard points at you and mumbles some strange words.
The puff of frost hits you!
You die...

### #......
##.......
#.........
#...o......
.....!.....
#..........
#o.o.......
#.@o.....#
#..<.....#
#.......##
#......##
#####.## ##


You could see an orc warrior, an orc priest and 2 orc wizards.

Vanquished Creatures
  Pikel (D:6)
  The ghost of BLOAX the Ruffian, an average MiMo (D:5)
  2 slaves (D:6)
  An orc warrior (D:6)
  A phantom (D:6)
  2 centaurs
  3 ogres
  Duvessa (D:5)
  Blork the orc (D:5)
  A giant frog (D:6)
  Dowan (D:5)
  2 crimson imps (D:5)
  A goliath beetle (D:6)
  An orc priest (D:6)
  2 hounds
  A centaur skeleton (D:6)
  2 iguanas
  5 orc wizards
  5 worker ants
  Ijyb (D:5)
  Jessica (D:2)
  A hound skeleton (D:5)
  3 adders (D:2)
  A shadow imp (D:5)
  A worm (D:3)
  6 giant geckos
  An ooze (D:4)
  23 orcs
  11 bats
  2 giant cockroaches
  8 hobgoblins
  13 jackals
  A giant gecko skeleton (D:4)
  2 giant gecko zombies (D:6)
  3 giant newts
  16 goblins
  A jackal skeleton (D:4)
  7 kobolds
  2 quokkas
  A quokka skeleton (D:5)
  7 rats
146 creatures vanquished.

Notes
Turn   | Place    | Note
--------------------------------------------------------------
     0 | D:1      | musteatbrain, the Minotaur Fighter, began the quest for the Orb.
     0 | D:1      | Reached XP level 1. HP: 19/19 MP: 1/1
   232 | D:1      | Reached XP level 2. HP: 23/26 MP: 1/1
   537 | D:1      | Reached skill level 4 in Axes
  1062 | D:2      | Reached XP level 3. HP: 19/31 MP: 2/2
  1345 | D:2      | Noticed Jessica
  1351 | D:2      | Killed Jessica
  1351 | D:2      | Reached skill level 5 in Axes
  1351 | D:2      | Reached XP level 4. HP: 26/39 MP: 2/2
  2477 | D:4      | Reached skill level 6 in Axes
  2477 | D:4      | Reached XP level 5. HP: 32/46 MP: 2/2
  2703 | D:4      | Noticed an ogre
  2716 | D:4      | Killed an ogre
  2716 | D:4      | Reached skill level 7 in Axes
  2716 | D:4      | Reached XP level 6. HP: 50/55 MP: 3/3
  2750 | D:4      | Reached skill level 5 in Fighting
  2951 | D:4      | Found a glowing golden altar of the Shining One.
  2957 | D:4      | Found an opulent altar of Gozag.
  2957 | D:4      | Found a blossoming altar of Fedhas.
  2964 | D:4      | Became a worshipper of the Shining One
  3039 | D:4      | Reached skill level 8 in Axes
  3071 | D:5      | Entered Level 5 of the Dungeon
  3111 | D:5      | Noticed Ijyb
  3116 | D:5      | Killed Ijyb
  3116 | D:5      | Reached XP level 7. HP: 46/61 MP: 3/3
  3117 | D:5      | Noticed BLOAX's ghost (average MiMo)
  3139 | D:5      | Killed BLOAX's ghost
  3181 | D:5      | Reached skill level 9 in Axes
  3537 | D:5      | Noticed Blork the orc
  3555 | D:5      | Killed Blork the orc
  3884 | D:5      | Noticed Duvessa
  3887 | D:5      | Noticed Dowan
  3892 | D:5      | Killed Duvessa
  3905 | D:5      | Killed Dowan
  3905 | D:5      | Reached XP level 8. HP: 58/71 MP: 3/3
  4251 | D:5      | Reached skill level 10 in Axes
  4506 | D:6      | Reached skill level 1 in Dodging
  4690 | D:6      | Acquired the Shining One's first power
  4806 | D:6      | Noticed Pikel
  4824 | D:6      | Killed Pikel
  4824 | D:6      | Reached skill level 11 in Axes
  4824 | D:6      | Reached skill level 5 in Armour
  4824 | D:6      | Reached XP level 9. HP: 49/81 MP: 4/4
  5324 | D:7      | Killed from afar by an orc wizard

Action                   |  1- 3 |  4- 6 |  7- 9 || total
-------------------------+-------+-------+-------++-------
Melee: War axe           |    71 |   138 |   183 ||   392
       Unarmed           |       |       |    17 ||    17
  Use: Potion            |       |     1 |     1 ||     2
  Eat: Meat ration       |     1 |       |       ||     1
       Chunk             |       |     2 |     5 ||     7
       Pizza             |       |       |     1 ||     1
